 Dungeon Crawl Stone Soup version 0.24.0-13-gcf9b3192b9 (webtiles) character file.

Game seed: 12762658612705543649, levelgen mode: deterministic

537 TsetAccount the Skirmisher (level 7, -4/66 HPs)
             Began as a Black Draconian Berserker on Nov 9, 2019.
             Was a Priest of Trog.
             Slain by a gnoll
             ... wielding a +0 flail
              (5 damage)
             ... on level 5 of the Dungeon.
             The game lasted 00:04:10 (3755 turns).

TsetAccount the Skirmisher (DrBe)                   Turns: 3755, Time: 00:04:11

Health: -4/66      AC:  6    Str: 21 (22) XL:     7   Next: 5%
Magic:  7/7        EV: 12    Int:  6 (7)  God:    Trog [***...]
Gold:   228        SH:  0    Dex:  8 (10) Spells: 6/6 levels left

rFire    . . .     SeeInvis .   a - +0 hand axe
rCold    . . .     Gourm    .   (no shield)
rNeg     . . .     Faith    .   (armour unavailable)
rPois    .         Spirit   .   (helmet restricted)
rElec    +         Reflect  .   o - scarf {cloud immunity}
rCorr    .         Harm     .   (no gloves)
MR       .....                  (no boots)
Stlth    +.........             (no amulet)
HPRegen  0.21/turn              (no ring)
MPRegen  0.10/turn              (no ring)

@: berserk cooldown, slowed, very slow
A: breathe lightning, unfitting armour, electricity resistance, cold-blooded, AC
+6
a: Breathe Lightning, Berserk, Trog's Hand, Renounce Religion


You were on level 5 of the Dungeon.
You worshipped Trog.
Trog was most pleased with you.
You were hungry.

You visited 1 branch of the dungeon, and saw 5 of its levels.

You collected 228 gold pieces.

Inventory:

Hand Weapons
 a - a +0 hand axe (weapon)
Missiles
 i - 7 silver javelins (quivered)
Armour
 o - a scarf of cloud immunity (worn)
Jewellery
 d - an uncursed ring of see invisible {unknown}
Wands
 q - a wand of disintegration (14)
Scrolls
 c - a scroll of teleportation {unknown}
 f - a scroll of fog
 k - a scroll of remove curse
 l - a scroll of fear {unknown}
 n - a scroll of noise {unknown}
Potions
 e - a potion of degeneration
 g - a potion of ambrosia {unknown}
 j - a potion of mutation
 m - a potion of agility {unknown}
 p - a potion of curing {unknown}
 r - a potion of might {unknown}
Comestibles
 b - 8 rations
 h - 4 chunks of flesh


   Skills:
 - Level 7.4 Fighting
 + Level 5.3 Axes
 - Level 2.6 Dodging


You had 6 spell levels left.
You didn't know any spells.
Your spell library was empty.

Dungeon Overview and Level Annotations

Branches:
Dungeon (5/15)             Temple (0/1) D:5

Altars:
Dithmenos
Elyvilon
Okawaru
Qazlal
Ru
Trog
Uskayaw
Wu Jian
Xom
The Shining One


Innate Abilities, Weirdness & Mutations

You can breathe wild blasts of lightning.
Your glossy black scales are hard. (AC +6)
You cannot fit into any form of body armour.
You are resistant to electric shocks. (rElec)
You are cold-blooded and may be slowed by cold attacks.


Message History

* * * LOW HITPOINT WARNING * * *
You slash the gnoll!
You kill the gnoll!
Trog accepts your kill.
You closely miss the gnoll. The gnoll hits you but does no damage.
The gnoll hits you from afar with a +0 spear.
* * * LOW HITPOINT WARNING * * *
The gnoll hits you from afar with a +0 spear.
* * * LOW HITPOINT WARNING * * *
The gnoll misses you.
The gnoll hits you from afar with a +0 spear.
* * * LOW HITPOINT WARNING * * *
Things that are here:
a +0 club; a gnoll corpse It was a potion of degeneration.
There was something very wrong with that liquid.
You feel weakened.
You feel dopey.
You feel clumsy. The gnoll hits you but does no damage.
The gnoll barely misses you. The gnoll closely misses you.
The gnoll hits you with a +0 flail.
You die...

#<#.# ..#.# +#.... ..#.##
...>.. #...... ......
......... ....##........
#+#.g.....b.... #.#
#g#........ #.# #g@.....$..#
###.# ##......... ..#.#
#......... ##### #.#.#
#..#..... ....###
#.#.####..#.#.#####......
..#####.#...........#.....#.#
..............#...#.#.##....#
..#####.#####.#...........###
#.# #.##..#.####..#


You could see 3 gnolls.

Vanquished Creatures
  A hungry ghost (D:3)
  A water moccasin zombie (D:5)
  A crimson imp (D:5)
  An orc priest (D:3)
  A hound (D:4)
  A centaur skeleton (D:4)
  2 orc wizards (D:3)
  5 adders
  3 gnolls
  2 oozes
  2 worms
  2 dart slugs
  2 leopard geckos
  7 orcs
  3 giant cockroaches
  9 goblins
  11 hobgoblins
  6 jackals (D:1)
  A quokka (D:4)
  2 ball pythons
  6 bats
  7 frilled lizards
  8 kobolds
  4 rats
88 creatures vanquished.

Notes
Turn   | Place    | Note
-------+----------+-------------------------------------------
     0 | D:1      | TsetAccount the Draconian Berserker began the quest for the
                  | Orb.
     0 | D:1      | Reached XP level 1. HP: 19/19 MP: 1/1
   114 | D:1      | Reached skill level 4 in Fighting
   114 | D:1      | Reached XP level 2. HP: 24/27 MP: 2/2
   840 | D:1      | Reached XP level 3. HP: 33/34 MP: 3/3
   869 | D:1      | Reached ** piety under Trog
  1403 | D:2      | Reached skill level 5 in Fighting
  1458 | D:2      | Found a faded altar of an unknown god.
  1594 | D:2      | Found a shimmering altar of Xom.
  1594 | D:2      | Found a glowing golden altar of the Shining One.
  1595 | D:2      | Found a stormy altar of Qazlal.
  1596 | D:2      | Found a sacrificial altar of Ru.
  1599 | D:2      | Found an ornate altar of the Wu Jian Council.
  1655 | D:2      | Found a white marble altar of Elyvilon.
  1731 | D:2      | Reached XP level 4. HP: 34/42 MP: 4/4
  2173 | D:3      | Reached skill level 6 in Fighting
  2333 | D:3      | Noticed a hungry ghost
  2365 | D:3      | Killed a hungry ghost
  2365 | D:3      | Reached skill level 7 in Fighting
  2365 | D:3      | Reached XP level 5. HP: 37/52 MP: 5/5
  2426 | D:3      | Reached XP level 6. HP: 55/60 MP: 6/6
  3095 | D:4      | Found a shadowy altar of Dithmenos.
  3201 | D:4      | Found a bloodstained altar of Trog.
  3216 | D:4      | Reached *** piety under Trog
  3274 | D:4      | Found a hide-covered altar of Uskayaw.
  3369 | D:4      | Found an iron altar of Okawaru.
  3625 | D:5      | Entered Level 5 of the Dungeon
  3730 | D:5      | Found a staircase to the Ecumenical Temple.
  3745 | D:5      | Reached skill level 5 in Axes
  3745 | D:5      | Your scales start taking on a glossy black colour.
  3745 | D:5      | Reached XP level 7. HP: 34/66 MP: 7/7
  3745 | D:5      | Gained mutation: You are resistant to electric shocks.
                  | (rElec) [Black Draconian growth]
  3754 | D:5      | HP: 1/66 [gnoll/+0 spear (5)]
  3755 | D:5      | Slain by a gnoll

Levels and vault maps discovered:
D:1:      dpeg_arrival_radiant, layout_loops_ring
D:2:      layout_basic, minitemple, first_ration,
          chequers_ecumenical_altar_lobes, elyvilon_altar_1
D:3:      layout_basic
D:4:      layout_cave_pools, grunt_dithmenos_smoke, okawaru_altar_gauntlet_db,
          lemuel_doored_altar, minmay_misc_feat_x, trog_hazing_becter
D:5:      minmay_clustersquares, layout_basic, nicolae_overflow_hidden_temple,
          minmay_temple_entry_butterflies, dk_yredelemnul_ordeal

Skill      XL: |  1  2  3  4  5  6 |
---------------+-------------------+-----
Fighting       | 4 5 7 |  7.4
Axes           | 5 |  5.3
Dodging        | |  2.6

Action                   |  1- 3 |  4- 6 |  7- 9 || total
-------------------------+-------+-------+-------++-------
Melee: Hand axe          |   132 |   165 |     3 ||   300
       Tailslap          |    13 |    18 |       ||    31
Invok: Berserk           |     3 |     3 |     1 ||     7
  Use: Scroll            |       |     6 |       ||     6
       Potion            |       |       |     1 ||     1
 Stab: Sleeping          |     3 |       |       ||     3
  Eat: Chunk             |     4 |    15 |       ||    19
       Ration            |       |     1 |       ||     1
Armor: Skin              |    48 |    68 |     4 ||   120
Dodge: Dodged            |   104 |   121 |     9 ||   234
